 Dungeon Crawl Stone Soup version 0.23.0-28-g6fe0f4d (webtiles) character file.

Game seed: 9736504355583132142

83 Fang the Skirmisher (level 4, 0/29 HPs)
             Began as a Gargoyle Berserker on Feb 24, 2019.
             Was a Follower of Trog.
             Slain by Purgy (2 damage)
             ... on level 3 of the Dungeon on Feb 25, 2019.
             The game lasted 00:02:00 (1912 turns).

Fang the Skirmisher (Gargoyle Berserker)            Turns: 1912, Time: 00:02:00

Health: 0/29       AC: 14    Str: 22    XL:     4   Next: 44%
Magic:  13/13      EV:  8    Int:  7    God:    Trog [*.....]
Gold:   136        SH:  0    Dex:  9    Spells: 3/3 levels left

rFire    . . .     SeeInvis .   a - +0 hand axe
rCold    . . .     Gourm    .   (no shield)
rNeg     + . .     Faith    .   u - +0 chain mail
rPois    ∞         Spirit   .   (no helmet)
rElec    +         Reflect  .   (no cloak)
rCorr    .         Harm     .   (no gloves)
MR       .....                  i - +1 pair of boots
Stlth    ..........             j - amulet of inaccuracy (curse)
HPRegen  0.09/turn              l - ring of magical power
MPRegen  0.13/turn              (no ring)

@: berserk cooldown, slowed, very slow
A: negative energy resistance 1, electricity resistance, unbreathing,
petrification resistance, rot immunity, AC +3
a: Berserk, Renounce Religion


You were on level 3 of the Dungeon.
You worshipped Trog.
Trog was aware of your devotion.
You were very hungry.

You visited 1 branch of the dungeon, and saw 3 of its levels.

You collected 136 gold pieces.

Inventory:

Hand Weapons
 a - a +0 hand axe (weapon)
Armour
 i - a +1 pair of boots (worn)
 u - a +0 chain mail (worn)
Jewellery
 j - a cursed amulet of inaccuracy (around neck)
 l - a ring of magical power (left hand)
Scrolls
 e - 2 scrolls of remove curse {unknown}
 f - a scroll of random uselessness {unknown}
 g - a scroll of enchant weapon {unknown}
 o - a scroll of fear {unknown}
 p - a scroll of fog {unknown}
 t - a scroll of amnesia {unknown}
Potions
 d - 3 potions of haste {unknown}
 k - 2 potions of lignification {unknown}
 m - a potion of agility {unknown}
 n - a potion of degeneration {unknown}
 q - a potion of heal wounds {unknown}
 r - a potion of curing {unknown}
 s - a potion of magic {unknown}
Comestibles
 b - a chunk of flesh
 c - 2 rations


   Skills:
 + Level 4.0 Fighting
 + Level 3.2 Axes
 + Level 3.1 Armour
 + Level 2.2 Dodging


You had 3 spell levels left.
You didn't know any spells.
Your spell library was empty.

Dungeon Overview and Level Annotations

Branches:
Dungeon (3/15)

Altars:
Ashenzari

Annotations:
D:3 Purgy


Innate Abilities, Weirdness & Mutations

You are resistant to torment.
Your stone body is resilient. (AC +3)
You are immune to poison.
You resist negative energy. (rN+)
You are resistant to electric shocks. (rElec)
You can survive without breathing.
You are immune to petrification.
You are immune to rotting.


Message History

Welcome back, Fang the Gargoyle Berserker.
Trog says: Kill them all!
Press ? for a list of commands and other information.
You miss Purgy.
Purgy is heavily wounded.
Purgy bites you but does no damage. Purgy claws you but does no damage. x2
Purgy bites you but does no damage. Purgy claws you.
* * * LOW HITPOINT WARNING * * *
Purgy claws you but does no damage.
You closely miss Purgy.
Purgy is heavily wounded.
Purgy bites you.
* * * LOW HITPOINT WARNING * * *
Purgy closely misses you. Purgy claws you.
* * * LOW HITPOINT WARNING * * *
You closely miss Purgy.
Purgy is heavily wounded.
You are feeling very hungry.
Purgy bites you but does no damage. Purgy claws you.
You die...

...........##)#
........##.##.#
####.....<.##.## #
###.........#.#
##......(...#
####..)..###
######..#.##
..######.......#.#
......T@.......#.#
.#######.#####.#..
#.# #.### #.# #.#
#.# #.# #.# #..
#.# ## ...


You could see Purgy.

Vanquished Creatures
  4 gnolls (D:3)
  2 adders (D:2)
  2 dart slugs
  2 giant cockroaches (D:2)
  3 goblins (D:2)
  A hobgoblin (D:2)
  A ball python (D:3)
  4 bats
  A frilled lizard (D:1)
  6 kobolds
  2 rats
28 creatures vanquished.

Notes
Turn   | Place    | Note
-------+----------+-------------------------------------------
     0 | D:1      | Fang the Gargoyle Berserker began the quest for the Orb.
     0 | D:1      | Reached XP level 1. HP: 14/14 MP: 1/1
   728 | D:1      | Found a shattered altar of Ashenzari.
   895 | D:2      | Reached XP level 2. HP: 19/19 MP: 2/2
  1290 | D:2      | Reached XP level 3. HP: 23/23 MP: 3/3
  1644 | D:3      | Reached XP level 4. HP: 16/29 MP: 4/4
  1679 | D:3      | Reached skill level 4 in Fighting
  1880 | D:3      | Noticed Purgy
  1910 | D:3      | Upgraded the game from 0.23.0-3-gf3c87f2 to
                  | 0.23.0-28-g6fe0f4d
  1912 | D:3      | Slain by Purgy

Skill      XL: |  1  2  3  4 |
---------------+-------------+-----
Axes           | 3 |  3.2
Dodging        | 2 |  2.2
Armour         | 3 |  3.1
Fighting       | 4 |  4.0

Action                   |  1- 3 |  4- 6 || total
-------------------------+-------+-------++-------
Melee: Hand axe          |   134 |    47 ||   181
Invok: Berserk           |     1 |     2 ||     3
  Eat: Chunk             |     3 |     2 ||     5
Armor: Animal skin       |    36 |       ||    36
       Chain mail        |    44 |    68 ||   112
Dodge: Dodged            |    79 |    30 ||   109
